 Dungeon Crawl Stone Soup version 0.23.2-33-g5129a83184 (webtiles) character file.

Game seed: 8206366996031907047

122 Folque the Charmwright (level 4, 0/36 HPs)
             Began as a Centaur Skald on July 9, 2019.
             Slain by a gnoll (8 damage)
             ... on level 3 of the Dungeon.
             The game lasted 00:06:39 (2302 turns).

Folque the Charmwright (Centaur Skald)              Turns: 2302, Time: 00:06:40

Health: 0/36       AC:  6    Str: 13    XL:     4   Next: 78%
Magic:  4/7        EV:  5    Int: 13    God:
Gold:   136        SH:  0    Dex:  9    Spells: 0/8 levels left

rFire    . . .     SeeInvis .   g - +1 hand axe (venom)
rCold    . . .     Gourm    .   (no shield)
rNeg     . . .     Faith    .   b - +1 leather armour
rPois    .         Spirit   .   (no helmet)
rElec    .         Reflect  .   (no cloak)
rCorr    .         Harm     .   r - +0 pair of gloves
MR       .....                  (no barding)
Stlth    ..........             (no amulet)
HPRegen  0.12/turn              (no ring)
MPRegen  0.10/turn              (no ring)

@: very slightly contaminated, held, very quick
A: large, hooves 3, deformed body, speed 2, tough skin 3
a: no special abilities


You were on level 3 of the Dungeon.
You were not hungry.

You visited 1 branch of the dungeon, and saw 3 of its levels.

You collected 136 gold pieces.

Inventory:

Hand Weapons
 a - a +0 hand axe
 c - a +2 short sword of draining
 g - a +1 hand axe of venom (weapon)
Missiles
 o - 10 tomahawks (quivered)
 t - 19 poisoned needles
Armour
 b - a +1 leather armour (worn)
 r - a +0 pair of gloves (worn)
Jewellery
 f - an uncursed ring of see invisible {unknown}
 j - an uncursed ring of fire {unknown}
 q - a cursed -6 ring of evasion {unknown}
Scrolls
 n - a scroll of teleportation {unknown}
Potions
 e - a potion of lignification {unknown}
 h - 5 potions of curing {unknown}
 i - a potion of brilliance {unknown}
 k - a potion of berserk rage {unknown}
 s - 2 potions of agility {unknown}
Comestibles
 d - 6 rations
 l - 19 chunks of flesh


   Skills:
 - Level 2.0 Fighting
 + Level 2.8 Axes
 * Level 0.3 Throwing
 - Level 0.6 Armour
 - Level 1.3 Dodging
 + Level 2.6 Spellcasting
 * Level 3.6 Charms


You couldn't memorise any spells.
You knew the following spells:

 Your Spells              Type           Power        Failure   Level  Hunger
a - Infusion              Chrm           ##..         7%          1    #......
b - Shroud of Golubria    Chrm/Tloc      #.........   22%         2    ###....
c - Spectral Weapon       Hex/Chrm       #.......     41%         3    ###....
d - Song of Slaying       Chrm           ##......     11%         2    ###....

Your spell library contained the following spells:

 Spells                   Type           Power        Failure   Level  Hunger
 Regeneration             Chrm/Necr      #.........   41%         3    ###....


Dungeon Overview and Level Annotations

Branches:
Dungeon (3/15)

Altars:
Hepliaklqana
Ru


Innate Abilities, Weirdness & Mutations

You have hooves in place of feet.
Armour fits poorly on your strangely shaped body.
You cover ground very quickly.
You have extremely tough skin. (AC +3)


Message History

The rat closely misses you.
Casting: Song of Slaying (safe; 11% risk of failure)
Confirm with . or Enter, or press ? or * to list all spells.
You miscast Shroud of Golubria.
You are very lightly contaminated with residual magic.
Nothing appears to happen.
The gnoll closely misses you. The rat completely misses you.
You hit the gnoll.
You kill the gnoll!
You hit the rat.
You kill the rat!
The gnoll throws a throwing net.
The throwing net barely misses you.
The gnoll hits you from afar with a +0 spear.
The gnoll hits you.
* * * LOW HITPOINT WARNING * * *
The gnoll throws a throwing net.
The throwing net hits you.
You become entangled in the net!
You struggle against the net.
The gnoll hits you but does no damage. The gnoll hits you!
You die...

..........
##........#
##
.........#
.# #
#........#
###.#.#
#.(......#
#...#.#
#..g.....#
#.....#
#..†gg...#
#.....# #@#
##...[.##
###.#######
.)÷....(+
+..........
##.....##
###.#######
#<....#
#####.#
##.....#.#
#....(#
.........#
#.#####
##.###.###
#.# ##.##
... #.###


You could see 3 gnolls.

Vanquished Creatures
  A gnoll (D:3)
  An adder (D:2)
  2 oozes (D:2)
  2 worms
  5 dart slugs
  A leopard gecko (D:1)
  12 orcs (D:3)
  6 bats
  9 goblins
  8 hobgoblins
  7 kobolds
  A quokka (D:3)
  3 ball pythons
  2 frilled lizards
  8 rats
68 creatures vanquished.

Notes
Turn   | Place    | Note
-------+----------+-------------------------------------------
     0 | D:1      | Folque the Centaur Skald began the quest for the Orb.
     0 | D:1      | Reached XP level 1. HP: 17/17 MP: 3/3
   141 | D:1      | Reached XP level 2. HP: 14/24 MP: 4/4
   163 | D:1      | Reached skill level 3 in Charms
   498 | D:1      | Learned a level 2 spell: Shroud of Golubria
   649 | D:1      | Reached XP level 3. HP: 19/29 MP: 5/5
   989 | D:2      | Found a hazy altar of Hepliaklqana.
  1060 | D:2      | Learned a level 3 spell: Spectral Weapon
  1231 | D:2      | Found a faded altar of an unknown god.
  1295 | D:2      | Found a sacrificial altar of Ru.
  1955 | D:3      | Reached XP level 4. HP: 26/36 MP: 7/7
  2209 | D:3      | Learned a level 2 spell: Song of Slaying
  2302 | D:3      | Slain by a gnoll

Skill      XL: |  1  2  3 |
---------------+----------+-----
Axes           | 2 |  2.8
Charms         | 3 |  3.6
Spellcasting   | 2 |  2.6
Fighting       | |  2.0
Throwing       | |  0.3
Armour         | |  0.6
Dodging        | |  1.3

Action                   |  1- 3 |  4- 6 || total
-------------------------+-------+-------++-------
Melee: Hand axe          |    93 |    59 ||   152
       Kick              |    16 |    15 ||    31
 Cast: Infusion          |     3 |     1 ||     4
       Song of Slaying   |       |     1 ||     1
       Spectral Weapon   |       |     1 ||     1
  Use: Scroll            |     1 |     3 ||     4
  Eat: Chunk             |     2 |     2 ||     4
Armor: Leather armour    |    20 |    17 ||    37
Dodge: Dodged            |    45 |    26 ||    71
